cohdb
Replays
Latest Replays
All Replays
Popular Replays
Top Player Replays
Match Explorer
How It Works
Community
CoH3 Stats
Reddit
Sign in to upload your games and track your stats! →
Sign in with Steam
Match 40797718
Unlisted
Match 40797718
Overview
Messages
Build Orders
End
Vickers Machine Gun Team
Construct Section Command Post
Selects Air and Sea Battlegroup
ML 3-inch Mortar Team
Infantry Section
Infantry Section
Selects Supply Surplus
Construct Platoon Command Post
Humber Armored Car
Infantry Training
Construct Resource Cache
6-pounder Anti-tank Gun Team
Unlock Bishop Self-propelled Artillery
Bishop Self-propelled Artillery
Construct Field Infirmary
Construct Field Infirmary
Bishop Self-propelled Artillery
Team Weapon Training
Selects Commando Section Paradrop
Selects Commando Support Section Paradrop
Commando Section Paradrop
YSMZ 115
Moron
CPU-easy
音韵音意音之歆
wila
没有人
LittleFatty233
深入骨髓的恨意
0
0
Comments
sign in to comment!
No comments posted yet!